 Dungeon Crawl Stone Soup version 0.26.1-2-gb8aa6d0cf2 (webtiles) character file.

Game seed: 485254845587746879

2175 Ladykiller69 the Basher (level 9, -21/132 HPs)
             Began as a Troll Berserker on Mar 17, 2021.
             Was an Initiate of Wu Jian.
             Demolished by an ogre
             ... wielding a +0 giant club
             ... created by the rage of Trog
              (24 damage)
             ... on level 7 of the Dungeon.
             The game lasted 00:12:43 (5241 turns).

Ladykiller69 the Basher (Troll Berserker)           Turns: 5241, Time: 00:12:44

Health: -21/132    AC: 24    Str: 29    XL:     9   Next: 11%
Magic:  8/8        EV:  1    Int:  6    God:    Wu Jian [......]
Gold:   192        SH:  0    Dex: 10    Spells: 8/8 levels left

rFire    . . .     SeeInvis .   o - +6 flail of Causality {freeze, Int+3}
rCold    + + .     Faith    +   (no shield)
rNeg     + + +     Spirit   .   (armour currently unavailable)
rPois    +         Reflect  .   (helmet currently unavailable)
rElec    .         Harm     .   (cloak currently unavailable)
rCorr    .         Rampage  .   (gloves unavailable)
Will     .....     NoTele   +   (boots unavailable)
Stlth    +.........             y - amulet of Creativity {Faith rC+}
HPRegen  0.72/turn              a - ring of poison resistance
MPRegen  0.11/turn              j - ring of protection from cold

@: tree-form
A: large, unfitting armour, regeneration 1
a: Renounce Religion


You were on level 7 of the Dungeon.
You worshipped Wu Jian.
Wu Jian was noncommittal.
You were a tree.
You visited 2 branches of the dungeon, and saw 8 of its levels.

You collected 540 gold pieces.
You spent 348 gold pieces at shops.

Inventory:

Hand Weapons
 o - the +6 flail of Causality (weapon) {freeze, Int+3}
   (You found it on level 6 of the Dungeon)

   It has been specially enchanted to freeze those struck by it, causing extra
   injury to most foes and up to half again as much damage against particularly
   susceptible opponents.
   It can also slow down cold-blooded creatures.
   It affects your intelligence (+3).
 u - a +2 giant spiked club
Armour
 b - a +1 animal skin (melded)
 x - a scarf of shadows (melded)
Jewellery
 a - a ring of poison resistance (left branch)
 i - an uncursed ring of positive energy
 j - a ring of protection from cold (right branch)
 p - an uncursed ring of stealth
 y - the amulet of Creativity (around neck) {Faith rC+}
   (You bought it in a shop on level 4 of the Dungeon)

   [amulet of faith]

   It allows you to gain divine favour quickly.
   It protects you from cold.
Wands
 r - a wand of iceblast (12)
Scrolls
 c - 2 scrolls of blinking
 f - 2 scrolls of teleportation
 h - 5 scrolls of identify
 k - 3 scrolls of acquirement {unknown}
 m - 3 scrolls of enchant armour
Potions
 d - a potion of haste
 g - 2 potions of curing
 l - a potion of berserk rage
 n - a potion of magic
 q - 2 potions of flight {unknown}
 s - a potion of heal wounds


   Skills:
 + Level 5.6 Fighting
 * Level 8.3 Maces & Flails
 + Level 5.5 Dodging


You had 8 spell levels left.
You didn't know any spells.
Your spell library was empty.

Dungeon Overview and Level Annotations

Branches:
Dungeon (7/15)             Temple (1/1) D:5

Altars:
Ashenzari
Elyvilon
Makhleb
Nemelex Xobeh
Okawaru
Qazlal
Ru
Sif Muna
Trog
Wu Jian
Xom

Shops:
D:4 [*=*


Innate Abilities, Weirdness & Mutations

You are too large for most types of armour.
((You have claws for hands.))
Your natural rate of healing is unusually fast.
((You are covered in fur. (AC +1)))
((You have extremely tough skin. (AC +3)))


Message History

The ogre is moderately wounded.
The ogre hits you with a +0 giant club!!
The ogre hits you with a +0 giant club!
You sock the ogre! You freeze the ogre.
The ogre is severely wounded.
The ogre hits you with a +0 giant club!! x2
* * * LOW HITPOINT WARNING * * *
Okay, then.
You sock the ogre! You freeze the ogre.
The ogre is almost dead.
The ogre hits you with a +0 giant club!!
* * * LOW HITPOINT WARNING * * *
The ogre hits you with a +0 giant club!
* * * LOW HITPOINT WARNING * * *
The black bear rages. x2
You thump the ogre! You freeze the ogre.
You kill the ogre!
That felt strangely unrewarding.
The ogre hits you with a +0 giant club!!
You die...

#......###.........#
#.................####
##.###.)..............####
#.....####.........##.....
###...#...#
#####.########### .... #...#
#.##### #...##...# #.....#
#.......############.####
##.##....h)♣Oh######....####
#.##...#####h..#..####.....
#..#...# ##..'..########.
#.....# #..#..##.....##
#..#### ##.####......##
##..# ### #>.....# #..###
#......## #....#
#######....... ##.#(#
####...........##


You could see a polar bear (berserk), 2 black bears and an ogre (berserk).

Vanquished Creatures
  A troll (D:6)
  A black bear (D:6)
  An ice beast (D:6)
  2 ogres
  A necrophage (D:7)
  4 centaurs
  A bullfrog (D:7)
  A gnoll sergeant (D:7)
  4 killer bees (D:7)
  A howler monkey (D:4)
  4 hounds
  A centaur zombie (D:5)
  A jelly (D:6)
  2 orc wizards
  A bullfrog skeleton (D:5)
  2 orc priests
  A centaur skeleton (D:4)
  Jessica (D:2)
  Natasha (D:3)
  2 iguanas
  5 worker ants
  Terence (D:2)
  A killer bee zombie (D:3)
  A hound skeleton (D:4)
  A howler monkey zombie (D:7)
  4 gnolls
  8 adders
  2 shadow imps
  A white imp (D:7)
  2 ufetubi
  An ooze (D:4)
  5 worms
  4 dart slugs
  8 leopard geckos
  17 orcs
  6 giant cockroaches
  11 goblins
  12 hobgoblins
  9 jackals
  3 quokkas
  3 ball pythons
  9 bats
  5 frilled lizards
  10 kobolds
  A quokka skeleton (D:5)
  12 rats
175 creatures vanquished.

Notes
Turn   | Place    | Note
-------+----------+-------------------------------------------
     0 | D:1      | Ladykiller69 the Troll Berserker began the quest for the
                  | Orb.
     0 | D:1      | Reached XP level 1. HP: 22/22 MP: 0/0
    48 | D:1      | Reached skill level 3 in Maces & Flails
    48 | D:1      | Reached XP level 2. HP: 29/29 MP: 1/1
   222 | D:1      | Reached ** piety under Trog
   268 | D:1      | Reached XP level 3. HP: 36/36 MP: 2/2
   442 | D:1      | Found a sparkling altar of Nemelex Xobeh.
   839 | D:2      | Noticed Terence
   856 | D:2      | Killed Terence
   857 | D:2      | Reached XP level 4. HP: 45/45 MP: 3/3
  1164 | D:2      | Noticed Jessica
  1168 | D:2      | Killed Jessica
  1169 | D:2      | Reached skill level 4 in Maces & Flails
  1211 | D:2      | Reached XP level 5. HP: 52/53 MP: 4/4
  1484 | D:3      | Reached *** piety under Trog
  1521 | D:3      | Noticed Natasha
  1533 | D:3      | Killed Natasha
  1587 | D:3      | Found a burning altar of Makhleb.
  1695 | D:4      | HP: 2/79 [iguana (6)]
  1697 | D:4      | Reached XP level 6. HP: 3/61 MP: 5/5
  1815 | D:4      | Found Buddeib's Assorted Antiques.
  1861 | D:4      | Reached skill level 5 in Maces & Flails
  2071 | D:4      | Found Weruac's Antique Armour Shop.
  2209 | D:4      | Found Wanatoan's Assorted Antiques.
  2515 | D:4      | Found Sycroh's Jewellery Shoppe.
  2700 | D:5      | Entered Level 5 of the Dungeon
  2708 | D:5      | Reached XP level 7. HP: 65/68 MP: 6/6
  2947 | D:5      | Reached **** piety under Trog
  2977 | D:5      | Got a twisted whip
  2978 | D:5      | Identified the +2 whip "Moevvis" {vorpal, *Corrode *Slow
                  | Int+4 Dex+8} (You found it on level 5 of the Dungeon)
  3006 | D:5      | Found a staircase to the Ecumenical Temple.
  3026 | D:5      | Reached skill level 6 in Maces & Flails
  3292 | D:5      | Reached XP level 8. HP: 79/79 MP: 7/7
  3725 | D:4      | Bought an embroidered scarf for 208 gold pieces
  3788 | D:4      | Bought a scintillating ivory amulet for 140 gold pieces
  3793 | D:4      | Identified the amulet of Creativity {Faith rC+} (You bought
                  | it in a shop on level 4 of the Dungeon)
  3836 | Temple   | Entered the Ecumenical Temple
  4024 | D:6      | Reached skill level 7 in Maces & Flails
  4136 | D:6      | Noticed a troll
  4142 | D:6      | Killed a troll
  4143 | D:6      | Reached skill level 5 in Fighting
  4143 | D:6      | Reached skill level 5 in Dodging
  4656 | D:7      | Found a bloodstained altar of Trog.
  4696 | D:6      | Got a crude flail
  4697 | D:6      | Identified the +6 flail of Causality {freeze, Int+3} (You
                  | found it on level 6 of the Dungeon)
  4776 | D:7      | Reached ***** piety under Trog
  4777 | D:7      | Reached skill level 8 in Maces & Flails
  4789 | D:7      | Reached XP level 9. HP: 81/88 MP: 8/8
  4890 | D:7      | Found a shimmering altar of Xom.
  4898 | D:7      | Found a white marble altar of Elyvilon.
  4900 | D:7      | Found an ornate altar of the Wu Jian Council.
  4900 | D:7      | Found a shimmering blue altar of Sif Muna.
  4901 | D:7      | Found a broken altar of Ashenzari.
  4902 | D:7      | Found a stormy altar of Qazlal.
  4903 | D:7      | Found a sacrificial altar of Ru.
  4905 | D:7      | Found an iron altar of Okawaru.
  4908 | D:7      | Fell from the grace of Trog
  4908 | D:7      | Became a worshipper of the Wu Jian Council
  5236 | D:7      | Noticed a polar bear
  5240 | D:7      | HP: 2/132 [ogre/+0 giant club[the rage of Trog] (7)]
  5241 | D:7      | Demolished by an ogre

Illustrated notes

Levels and vault maps discovered:
D:1:      wander_arrival_chamber, layout_basic,
          nemelex_xobeh_ov_fountains_minmay
D:2:      minmay_evil_eye, layout_rooms, chequers_serial_rivers_small_a,
          uniq_jessica, uniq_terence
D:3:      layout_rooms, makhleb_blood_cavern_becter, uniq_natasha
D:4:      layout_basic, serial_shops, nicolae_shop_window_shopping,
          nicolae_shop_crystal, shop, shop, serial_rivers,
          chequers_serial_rivers_small_a, chequers_serial_rivers_large_a,
          chequers_serial_rivers_micro_c, chequers_serial_rivers_room_a,
          hangedman_decor_lopped
D:5:      minmay_razor_zed, layout_basic, minmay_temple_entry_butterflies,
          minmay_misc_feat_tiny
D:6:      layout_loops_cross
D:7:      layout_rooms, minitemple, sigmund_army
Temple:   kb_corrupted_temple

Skill      XL: |  1  2  3  4  5  6  7  8 |
---------------+-------------------------+-----
Maces & Flails | 3 4 5 6 8 |  8.3
Fighting       | 3 4 5 |  5.6
Dodging        | 3 4 5 |  5.5

Action                   |  1- 3 |  4- 6 |  7- 9 || total
-------------------------+-------+-------+-------++-------
Melee: Mace              |   109 |    14 |       ||   123
       Flail             |       |   205 |   129 ||   334
       Giant spiked club |       |       |    57 ||    57
Invok: Berserk           |     1 |     2 |     2 ||     5
       Lunge             |       |       |     8 ||     8
  Use: Scroll            |       |       |    16 ||    16
       Potion            |       |       |     1 ||     1
Armor: Animal skin       |    65 |    78 |    75 ||   218
Dodge: Dodged            |    78 |   135 |   138 ||   351
